 Dungeon Crawl Stone Soup version 0.31-a0-1267-gfedaa18580 (webtiles) character file.

Game seed: 7705452120370997065

6 BubbleThief the Grave Robber (level 1, -1/13 HPs)
             Began as a Demonspawn Necromancer on Dec 17, 2023.
             Slain by a kobold
             ... wielding a +0 whip
              (5 damage)
             ... on level 1 of the Dungeon.
             The game lasted 00:00:43 (171 turns).

BubbleThief the Grave Robber (DsNe)                  Turns: 171, Time: 00:00:45

Health: -1/13      AC:  2    Str:  8    XL:     1   Next: 75%
Magic:  0/3        EV: 12    Int: 15    God:
Gold:   0          SH:  0    Dex: 13    Spells: 3/4 levels left

rFire   . . .        d - +0 dagger
rCold   . . .        (no shield)
rNeg    . . .        a - +0 robe
rPois   .            (no helmet)
rElec   .            (no cloak)
rCorr   .            (no gloves)
SInv    .            (no boots)
Will    .....        (no amulet)
Stlth   ++           (no ring)
HPRegen 0.22/turn    (no ring)
MPRegen 0.08/turn

%: no passive effects
@: no status effects
A: no striking features
a: no special abilities


You were on level 1 of the Dungeon.
You visited 1 branch of the dungeon, and saw 1 of its levels.

Inventory:

Hand Weapons
 d - a +0 dagger (weapon)
Armour
 a - a +0 robe (worn)
Scrolls
 c - a scroll of identify {unknown}
Potions
 b - a potion of magic


   Skills:
 - Level 1.7 Dodging
 - Level 1.7 Stealth
 + Level 2.1 Spellcasting
 * Level 4.6 Necromancy


You had 3 spell levels left.
You knew the following spells:

 Your Spells              Type           Power      Damage    Failure   Level
a - Necrotise             Necr           60%        1d7       3%          1

Your spell library contained the following spells:

 Spells                   Type           Power      Damage    Failure   Level
 Vampiric Draining        Necr           15%        2d7       10%         3
 Animate Dead             Necr           15%        N/A       32%         4
 Agony                    Necr           15%        N/A       65%         5


Dungeon Overview and Level Annotations

Branches:
Dungeon (1/15)

Altars:


Message History

The quokka closely misses you.
Aiming: Necrotise (safe; 3% risk of failure)
Press: ? - help, Q - select action Shift-Dir - straight line, f/p - quokka
Aim: a quokka (chance to affect: 85%)
The quokka writhes in agony.
The quokka twitches its whiskers.
The quokka bites you. The quokka attacks as it pursues you!
The quokka bites you.
Found a pair of glowing boots.
The quokka attacks as it pursues you! The quokka barely misses you.
The quokka bites you but does no damage.
You see here a +2 pair of boots.
The quokka bites you.
Aiming: Necrotise (safe; 3% risk of failure)
Press: ? - help, Q - select action Shift-Dir - straight line, f/p - quokka
Aim: a quokka (severely wounded, chance to affect: 85%)
The quokka writhes in agony.
You kill the quokka!
The dead are hopping!
The endoplasm hits your quokka skeleton.
The endoplasm hits your quokka skeleton.
Your quokka skeleton bites the endoplasm.
The endoplasm hits your quokka skeleton.
Your quokka skeleton is destroyed!
A kobold comes into view. It is wielding a +0 whip.
A bat comes into view.
The kobold shouts!
You hear a shout!
Found a stone staircase leading down.
Found a scroll labelled TOTUFICSOTT.
The bat closely misses you. The kobold hits you with a +0 whip.
The bat attacks as it pursues you! The bat misses you. The bat hits you.
The bat hits you. The kobold attacks as it pursues you!
The kobold closely misses you.
There is a stone staircase leading down here.
Aiming: Necrotise (safe; 3% risk of failure)
Press: ? - help, Q - select action Shift-Dir - straight line, f - kobold
Aim: a kobold, wielding a +0 whip (chance to affect: 85%)
The kobold writhes in agony.
The bat hits you but does no damage. The kobold hits you with a +0 whip.
You die...

.......# .....~...##
... ...#...~... ### ..
... #.~~.~~ #.. .. ..#
#.....###.# .#..#
#.##...J.. # ...?#
#....##### #.###.#.#
###..#.... #...@...#
#..#.8.. ####Kb.##
#.J#.... #...#
#.[##### #...#
#..##### ####..J#####
#..##...
#...........###..##...
..........#.J....##.<.
#...........#######...
#.###...##### #...


You could see an endoplasm, a bat and a kobold.

Vanquished Creatures
  A dart slug (D:1)
  A ball python (D:1)
  A quokka (D:1)
  A kobold (D:1)
4 creatures vanquished.

Notes
Turn   | Place    | Note
-------+----------+-------------------------------------------
     0 | D:1      | BubbleThief the Demonspawn Necromancer began the quest for
                  | the Orb.
     0 | D:1      | Reached XP level 1. HP: 13/13 MP: 3/3
   171 | D:1      | Slain by a kobold

Illustrated notes

Levels and vault maps discovered:
D:1:      dpeg_arrival_rooms_c, layout_loops_cross, serial_rivers,
          chequers_serial_rivers_micro_c, chequers_serial_rivers_marsh,
          chequers_serial_rivers_small_3, chequers_serial_rivers_small_a,
          chequers_serial_rivers_room_a, chequers_serial_rivers_micro_b,
          chequers_serial_rivers_marsh, columned_hall_lemuel,
          minmay_fountain_box

Action                     || total
---------------------------++-------
  Melee: Unarmed           ||     4
   Cast: Necrotise         ||    13
 Armour: Robe              ||    16
  Dodge: Dodged            ||    15

Table legend: (Time is in decaauts)
 A = Elapsed time spent in this place.
 B = Non-inter-level travel time spent in this place.
 C = Inter-level travel time spent in this place.
 D = Time resting spent in this place.
 E = Time spent auto-exploring this place.
 F = Levels seen in this place.
 G = Mean time per level.
                   A        B        C        D        E       F      G
               +--------+--------+--------+--------+--------+-----+--------+
         Total |    170 |    170 |      0 |      0 |     88 |   1 |  170.0 |
       Dungeon |    170 |    170 |      0 |      0 |     88 |   1 |  170.0 |
               +--------+--------+--------+--------+--------+-----+--------+

Top non-repeatable levels by time:
     D:1: 170 daAuts
